 Dungeon Crawl Stone Soup version 0.15-a0-756-g319e367 (webtiles) character file.

165 Quh the Charmwright (level 5, -8/35 HPs)
             Began as a High Elf Skald on May 12, 2014.
             Mangled by a worm (11 damage)
             ... on Level 3 of the Dungeon.
             The game lasted 00:17:28 (3820 turns).

Quh the Charmwright (High Elf Skald)                Turns: 3820, Time: 00:17:29

HP  -8/35        AC  3     Str 12      XL: 5   Next: 21%
MP  13/13        EV 11     Int 16      God:
Gold 99          SH  0     Dex 14      Spells:  4 memorised,  1 level left

rFire  . . .     SeeInvis .     a - +0 falchion
rCold  . . .     Clarity  .     b - +0 leather armour
rNeg   . . .     Conserve .     (no shield)
rPois  .         rCorr    .     (no helmet)
rElec  .         rRot     .     (no cloak)
SustAb . .       Spirit   .     (no gloves)
rMut   .         Warding  .     (no boots)
Gourm  .         Stasis   +     t - amulet of stasis
MR     .....                    (no ring)
                                (no ring)

@: bribing [], not resistant to hostile enchantments, very unstealthy
A: no striking features
a: no special abilities


You were on level 3 of the Dungeon.
You were near starving.

You visited 1 branch of the dungeon, and saw 4 of its levels.

You collected 99 gold pieces.

Inventory:

Hand weapons
 a - a +0,+0 falchion (weapon)
 j - a +0,+1 short sword of venom
Missiles
 g - 8 darts (quivered)
 o - 22 darts of frost
 q - 24 arrows
Armour
 b - a +0 leather armour (worn)
Magical devices
 r - a wand of teleportation (3) {unknown}
Comestibles
 d - 2 bread rations
 f - 3 meat rations
 v - an apple
Scrolls
 e - a scroll of identify
 h - a scroll of enchant weapon I {unknown}
 i - a scroll of enchant armour {unknown}
 k - a scroll of amnesia {unknown}
 n - 2 scrolls of remove curse {unknown}
 p - 2 scrolls of teleportation {unknown}
 u - a scroll of immolation {unknown}
 w - a scroll of blinking {unknown}
Jewellery
 t - an amulet of stasis (around neck)
Potions
 l - a potion of curing
 s - a potion of heal wounds {unknown}
Books
 c - a book of Battle

   Spells                             Type                      Level
   *Infusion                          Charms                       1
   *Shroud of Golubria                Charms/Translocation         2
   *Song of Slaying                   Charms                       2
   Spectral Weapon                    Hexes/Charms                 3
   *Regeneration                      Charms/Necromancy            3
 m - a book of Party Tricks

   Spells                             Type                      Level
   Summon Butterflies                 Summoning                    1
   Apportation                        Translocation                1
   Blink                              Translocation                2
   Alistair's Intoxication            Transmutation/Poison         4
   Tukima's Dance                     Hexes                        5


   Skills:
 + Level 2.5 Fighting
 * Level 4.4 Long Blades
 - Level 0.8 Armour
 + Level 2.1 Dodging
 + Level 2.9 Spellcasting
 * Level 5.0 Charms


You had one spell level left.
You knew the following spells:

 Your Spells              Type           Power        Failure   Level  Hunger
a - Infusion              Chrm           ###...       2%          1    #......
b - Song of Slaying       Chrm           ###.....     4%          2    ##.....
c - Shroud of Golubria    Chrm/Tloc      ##........   12%         2    ##.....
d - Regeneration          Chrm/Necr      ##........   21%         3    ###....


Dungeon Overview and Level Annotations

Branches:
Dungeon (4/15)
 Temple: D:4-7

Altars:
Kikubaaqudgha
Nemelex Xobeh
Trog
Vehumet
Zin

Annotations:
D:4 Pikel


Message History

The crimson imp hits you.
* * * LOW HITPOINT WARNING * * *
You hit the crimson imp.
The crimson imp is heavily wounded.
The crimson imp hits you but does no damage.
The worm closely misses you.
You hit the crimson imp but do no damage.
The crimson imp is moderately wounded.
The crimson imp hits you but does no damage.
You miss the crimson imp.
The crimson imp is moderately wounded.
The crimson imp hits you but does no damage.
The worm bites you but does no damage.
You hit the crimson imp.
The crimson imp is heavily wounded.
The crimson imp grins evilly.
The crimson imp hits you.
* * * LOW HITPOINT WARNING * * *
The worm bites you!
You die...

.....##.# #.....##.###..##
.....##.# #................
.....##.# #####.##.###..##
.....##.# ####.##.# #
####.##.# #...(...#
####.##.#####.......#
....................#....
####.##(#####...w........
#.##.# ####@##.#...# #.##.#
#5##.#... #.##.# #.##.#..
####.##.########.##.#...#
.........<..............#
.######.########.##.#...#
.######.########.##<#
.................##.#
...####.###########.#####...


You could see a worm and a crimson imp.

Vanquished Creatures
  A scorpion (D:3)
  A worker ant (D:4)
  Ijyb (D:2)
  An adder (D:2)
  A worm (D:2)
  2 giant geckos
  3 oozes
  2 orcs
  A ball python (D:4)
  3 giant cockroaches
  8 goblins
  5 hobgoblins
  3 quokkas
  8 bats
  2 giant newts
  6 kobolds
  4 rats
  A rat skeleton (D:4)
53 creatures vanquished.

Notes
Turn   | Place    | Note
--------------------------------------------------------------
     0 | D:1      | Quh, the High Elf Skald, began the quest for the Orb.
     0 | D:1      | Reached XP level 1. HP: 14/14 MP: 4/4
   231 | D:1      | Reached XP level 2. HP: 17/19 MP: 6/6
   235 | D:1      | Learned a level 2 spell: Song of Slaying
   238 | D:1      | Learned a level 2 spell: Shroud of Golubria
   557 | D:1      | Reached skill level 4 in Charms
  1531 | D:2      | Reached XP level 3. HP: 13/24 MP: 8/8
  1686 | D:2      | Noticed Ijyb
  1698 | D:2      | Killed Ijyb
  1811 | D:2      | Found a radiant altar of Vehumet.
  1812 | D:2      | Found an ancient bone altar of Kikubaaqudgha.
  1813 | D:2      | Found a glowing silver altar of Zin.
  1814 | D:2      | Found a sparkling altar of Nemelex Xobeh.
  1815 | D:2      | Found a bloodstained altar of Trog.
  2277 | D:3      | Reached XP level 4. HP: 24/30 MP: 11/11
  3278 | D:4      | Noticed a phantom
  3291 | D:4      | Reached skill level 5 in Charms
  3291 | D:4      | Reached XP level 5. HP: 7/35 MP: 11/13
  3505 | D:4      | Noticed a slave
  3505 | D:4      | Noticed a slave
  3506 | D:4      | Noticed Pikel
  3506 | D:4      | Noticed a slave
  3512 | D:4      | Noticed a slave
  3770 | D:3      | Learned a level 3 spell: Regeneration
  3820 | D:3      | Mangled by a worm

Action                   |  1- 3 |  4- 6 || total
-------------------------+-------+-------++-------
Melee: Falchion          |    26 |    22 ||    48
       Short sword       |    94 |   150 ||   244
Throw: Dart              |     7 |    20 ||    27
 Cast: Shroud of Golubri |     1 |    11 ||    12
       Infusion          |     1 |     2 ||     3
       Song of Slaying   |       |     3 ||     3
  Use: Scroll            |       |     1 ||     1
       Potion            |       |     1 ||     1
 Stab: Distracted        |     1 |       ||     1
